← All builds
Suicide front / Armada / Factory first / OBSERVED BUILD

Standard suicide front

Bot Lab first into Rocketeer/Centurion/Pawn to contest the middle early and hold until T2 arrives, the role's baseline play.

Usually lab first (62%)

#rush · 1185 distinct matches · 125 players · 71% of Armada Suicide front games · team won 60% of 1411 · Recently observed

HOW TO PLAY IT

Key timing: Bot Lab by 0:20

  1. Open with mex and wind, drop Bot Lab immediately.
  2. Push out first "Centurion" as Pond's boost lands.
  3. Send "Rocketeer", "Centurion", "Pawn" mix to contest middle.
  4. Add Dragon's Teeth and Sentries to hold the line.
  5. Get Advanced Metal Extractor up as T2 nears.

Phase by phase

TYPICAL OF ITS 1185 GAMES
  1. 1
  2. 2
  3. 3
PLAY THE OPENING

Follow the example game's first 6:00 step by step: what to build now, what comes next, and where it goes. At 1× it keeps pace with your own game.

  1. 1

    Bot Lab first

    Order
    1. Bot LabBot Lab done ~0:20, middle half 0:20–0:33

    Some games also: mex (37%)

  2. 2

    Bot Lab to 5:00

    Economy
    • Metal Extractor5Mex
    • Wind Turbine4Wind
    Builders
    • Construction Bot3 Con bot
    • Lazarus2 Lazarus
    Army
    • Sentry4 Sentry
    • Rocketeer18 Rocketeer
    • Tick2 Tick
    • Centurion1 Centurion
    Other
    • Radar Tower1 Radar Tower

    Some games also: con turret (35%) · pawn (31%)

    By 5:00 in all: 5 mex · 5 wind

    The example game in this phase · 33 steps
    1. Wind
    2. Construction BotCon bot ×2
    3. SentrySentry
    4. Construction BotCon bot
    5. Mex
    6. CenturionCenturion
    7. Mex
    8. SentrySentry
    9. LazarusLazarus
    10. RocketeerRocketeer
    11. Mex ×2
    12. RocketeerRocketeer ×3
    13. Wind
    14. RocketeerRocketeer
    15. LazarusLazarus
    16. Wind
    17. RocketeerRocketeer ×2
    18. Wind
    19. RocketeerRocketeer ×3
    20. Con turret
    21. LazarusLazarus
    22. RocketeerRocketeer ×4
    23. Mex
    24. RocketeerRocketeer
    25. LazarusLazarus
    26. Wind ×2
    27. Radar TowerRadar Tower
    28. RocketeerRocketeer
    29. Wind
    30. RocketeerRocketeer
    31. Wind
    32. SentrySentry
    33. RocketeerRocketeer
  3. 3

    5:00 to 10:00

    Economy
    • Metal Extractor1Mex
    • Wind Turbine17Wind
    Builders
    • Construction Turret2 Con turret
    • Lazarus2 Lazarus
    • Construction Bot1 Con bot
    Army
    • Sentry1 Sentry
    • Rocketeer8 Rocketeer
    • Pawn1 Pawn

    Some games also: tick (48%) · Radar Tower (47%) · energy storage (46%) · centurion (45%) · Beamer (38%)

    By 10:00 in all: 6 mex · 23 wind · 1 energy storage · 3 con turret

    The example game in this phase · 73 steps
    1. SentrySentry
    2. Wind
    3. RocketeerRocketeer ×2
    4. Wind
    5. Con turret
    6. LazarusLazarus
    7. Wind
    8. RocketeerRocketeer
    9. Wind
    10. RocketeerRocketeer
    11. Wind
    12. RocketeerRocketeer
    13. Con turret
    14. RocketeerRocketeer ×3
    15. CenturionCenturion
    16. RocketeerRocketeer ×3
    17. LazarusLazarus
    18. Wind
    19. Advanced Metal ExtractorT2 mexdone 9:35 · typical 9:37
    20. Wind
    21. RocketeerRocketeer
    22. Wind ×2
    23. Mex
    24. Wind ×2
    25. RocketeerRocketeer
    26. LazarusLazarus
    27. Wind
    28. Construction BotCon bot
    29. Advanced Metal ExtractorT2 mex
    30. Wind ×3
    31. Con turret
    32. Wind
    33. Advanced Metal ExtractorT2 mex
    34. Wind
    35. Con turret
    36. Construction BotCon bot
    37. Con turret ×2
    38. Wind ×7
    39. GunslingerGunslingerdone 11:25
    40. Wind
    41. Con turret
    42. Wind ×2
    43. Vehicle PlantVehicle Plantdone 12:13
    44. Advanced Metal ExtractorT2 mex
    45. Wind
    46. Vehicle PlantVehicle Plantdone 12:22
    47. Wind
    48. Con turret
    49. Wind
    50. Con turret
    51. Wind
    52. Con turret
    53. Wind ×7
    54. Con turret
    55. Wind ×7
    56. GauntletGauntletdone 13:31
    57. Wind
    58. GauntletGauntlet
    59. BlitzBlitz ×2
    60. Wind
    61. BlitzBlitz ×4
    62. Wind
    63. BlitzBlitz ×3
    64. Wind
    65. BlitzBlitz ×3
    66. Wind
    67. BlitzBlitz ×2
    68. Wind
    69. BlitzBlitz ×2
    70. Wind
    71. BlitzBlitz ×2
    72. Con turret
    73. BlitzBlitz ×4

Counts are medians over the build's games: half of them build more, half fewer. The example game is [crd]sisa's (44 OS, 20/09/2026); pick another.

Team trades

IN AT LEAST 30% OF ITS GAMES

You hand over

Nothing regular.

You get

  • Tidal Generator4 Tidal from Pondfirst at 0:10 · in 69% of games
  • Advanced Construction Bot1 T2 con bot from Geo or Techfirst at 7:30 · in 58% of games

How it plays out

Typical game of this build, running totals by minute

Metal produced

010k20k30k
0:005:0010:0015:00

metal

Enemy metal destroyed

05k10k
0:005:0010:0015:00

metal

Own metal lost

05k10k
0:005:0010:0015:00

metal

1411 games.

Show as table
ByMetal produced: This buildEnemy metal destroyed: This buildOwn metal lost: This build
1:0022600
2:0088900
3:002056172106
4:003161660486
5:00423614131020
6:00543023271785
7:00666131792732
8:00791040353631
9:00929848164516
10:001068854265336
11:001224158986080
12:001402465176842
13:001604270137523
14:001796976808336
15:002029783029228
WHAT THE NUMBERS SAY

Standard suicide front play wins slightly more than half its games with fast kills but also fast losses, matching the raw grind of the role.

  • + First kill lands by 2:04 in all games
  • + Metal produced reaches 19882 by 15:00
  • − Own metal lost hits 9208 by 15:00, near metal destroyed of 8172
  • − First unit lost as early as 2:08 in every game
THE EXAMPLE YOU ARE READING

[crd]sisa

43.7 OS · 20/09/2026

Open source match ↗

5 received units · includes a constructor
28 metal received · 8281 energy received

Allied construction assistance is unknown. Timings are observations, not a promise of solo reproducibility.

Typical milestones

Bot Lab0:20Middle 50%: 0:20–0:33 · n=1405
Advanced Metal Extractor9:37Middle 50%: 8:41–10:48 · n=1035

Played most by

_X_252games of this buildPlatinumBlonde166games of this buildXad109games of this buildImmort62games of this buildwatermeloans58games of this build